 Dungeon Crawl Stone Soup version 0.27-a0-1177-g245c70e1c0 (webtiles) character file.

Game seed: 13112596467811482754

210 mhtbhm the Digger (level 5, 0/29 HPs)
             Began as a Gargoyle Earth Elementalist on May 16, 2021.
             Slain by a black bear (3 damage)
             ... on level 4 of the Dungeon.
             The game lasted 00:04:43 (3617 turns).

mhtbhm the Digger (Gargoyle Earth Elementalist)     Turns: 3617, Time: 00:04:43

Health: 0/29       AC:  6    Str: 11    XL:     5   Next: 88%
Magic:  1/9        EV: 12    Int: 17    God:
Gold:   50         SH:  0    Dex: 10    Spells: 4/10 levels left

rFire    . . .     SeeInvis .   d - +0 club
rCold    . . .     Faith    .   (no shield)
rNeg     + . .     Spirit   .   c - +0 robe
rPois    ∞         Reflect  .   (no helmet)
rElec    +         Harm     .   (no cloak)
rCorr    .         Rampage  .   (no gloves)
Will     .....                  (no boots)
Stlth    ++........             (no amulet)
HPRegen  0.09/turn              (no ring)
MPRegen  0.11/turn              (no ring)

@: no status effects
A: sickness immunity, AC +4, negative energy resistance 1, electricity
resistance, torment resistance 1, petrification resistance
a: no special abilities


You were on level 4 of the Dungeon.
You visited 1 branch of the dungeon, and saw 4 of its levels.

You collected 50 gold pieces.

Inventory:

Hand Weapons
 d - a +0 club (weapon)
Missiles
 e - 19 javelins (quivered)
Armour
 c - a +0 robe (worn)
Scrolls
 k - a scroll of identify
 l - 2 scrolls of silence
 m - a scroll of magic mapping


   Skills:
 + Level 1.3 Fighting
 + Level 1.8 Maces & Flails
 + Level 2.4 Dodging
 + Level 3.4 Stealth
 + Level 3.0 Spellcasting
 + Level 0.1 Conjurations
 + Level 0.7 Transmutations
 + Level 4.7 Earth Magic


You had 4 spell levels left.
You knew the following spells:

 Your Spells              Type           Power      Damage    Failure   Level
a - Sandblast             Erth           36%        2d10      2%          1
b - Passwall              Tmut/Erth      9%         N/A       9%          2
c - Stone Arrow           Conj/Erth      20%        3d8       19%         3

Your spell library contained the following spells:

 Spells                   Type           Power      Damage    Failure   Level
 Magic Dart               Conj           8%         1d3       17%         1
 Searing Ray              Conj           4%         3d3       26%         2
 Dazzling Flash           Conj/Hex       4%         N/A       45%         3
 Petrify                  Tmut/Erth      11%        N/A       50%         4
 Fulminant Prism          Conj/Hex       1%         3d6       86%         4
 Iskenderun's Mystic Bla  Conj/Tloc      2%         2d3       86%         4
 Lee's Rapid Deconstruct  Erth           9%         3d8*      56%         5


Dungeon Overview and Level Annotations

Branches:
Dungeon (4/15)
 Temple: D:4-7

Altars:

Shops:
D:1 !

Annotations:
D:3 Ijyb


Innate Abilities, Weirdness & Mutations

You are immune to sickness and miasma.
Your stone body is resilient. (AC +4)
You are immune to poison.
You resist negative energy. (rN+)
You are resistant to electric shocks. (rElec)
You are resistant to unholy torment.
You are immune to petrification.


Message History

Unknown command.
Casting: Stone Arrow (quite dangerous; 19% risk of failure)
Confirm with . or Enter, or press ? or * to list all spells.
The spell is quite dangerous to cast (19% risk of failure)!
Continue anyway?
Aiming: Stone Arrow (quite dangerous; 19% risk of failure)
Press: ? - help, Shift-Dir - straight line, f/p - black bear
Aim: a black bear (almost dead, 77% to hit)
The stone arrow misses the black bear.
The black bear barely misses you. x2
The black bear misses you.
Unknown command.
Unknown command.
The black bear goes berserk!
The black bear bites you. The black bear claws you.
* * * LOW HITPOINT WARNING * * *
The black bear claws you.
* * * LOW HITPOINT WARNING * * *
Unknown command.
The black bear rages.
You aren't carrying any potions.
Unknown command.
Blink to where?
Press: ? - help, Dir - move target, p - black bear
As you read the scroll labelled TOSHRY LUOREU, it crumbles to dust.
It was a scroll of blinking.
You hear an angry growl.
Unknown command.
Casting: Stone Arrow (quite dangerous; 19% risk of failure)
Confirm with . or Enter, or press ? or * to list all spells.
You don't have any stones to cast with.
Unknown command.
You aren't carrying any potions.
Unknown command.
As you read the scroll labelled MYOZO DODITU, it crumbles to dust.
It is a scroll of identify.
m - a scroll of magic mapping Unknown command.
The black bear bites you.
* * * LOW HITPOINT WARNING * * *
The black bear closely misses you. The black bear claws you.
You die...

.. .. #. ###
#.######.#
#........#
#......#.# .
##.###.#.# ... #h#
#.#.####...h. #@#
#.#.(........ #.#
#.#..##...... ..#
..#..# .....
########..##...###
#...............
#.###############
#.#
#############.#
#...........#.#


You could see a black bear (berserk).

Vanquished Creatures
  A necrophage (D:4)
  A scorpion (D:4)
  2 adders
  5 bats (D:1)
  5 endoplasms (D:1)
  3 giant cockroaches (D:1)
  7 goblins
  5 hobgoblins
  2 jackals (D:1)
  3 kobolds
  5 ball pythons
  2 frilled lizards
  7 rats
48 creatures vanquished.

Notes
Turn   | Place    | Note
-------+----------+-------------------------------------------
     0 | D:1      | mhtbhm the Gargoyle Earth Elementalist began the quest for
                  | the Orb.
     0 | D:1      | Reached XP level 1. HP: 10/10 MP: 3/3
   225 | D:1      | Reached XP level 2. HP: 15/15 MP: 1/5
   376 | D:1      | Reached skill level 4 in Earth Magic
   582 | D:1      | Found Ygyv's Distillery.
   590 | D:1      | Learned a level 2 spell: Passwall
  1067 | D:1      | Reached XP level 3. HP: 18/19 MP: 6/6
  1077 | D:1      | Learned a level 3 spell: Stone Arrow
  1792 | D:1      | Found a faded altar of an unknown god.
  2792 | D:3      | Reached XP level 4. HP: 19/24 MP: 7/7
  2803 | D:3      | Noticed Ijyb
  2845 | D:4      | Noticed a necrophage
  3059 | D:4      | Killed a necrophage
  3060 | D:4      | Reached skill level 1 in Fighting
  3060 | D:4      | Reached skill level 1 in Maces & Flails
  3060 | D:4      | Reached XP level 5. HP: 29/29 MP: 3/9
  3586 | D:4      | Noticed a black bear
  3617 | D:4      | Slain by a black bear

Illustrated notes

Levels and vault maps discovered:
D:1:      dpeg_arrival_subterranean_lakeside_camping, layout_loops_ring,
          hellmonk_ecumenical_altar_leap_of_faith, serial_shops, shop,
          st_stairs_3
D:2:      layout_loops_ring, serial_glass, glass_columns_a, glass_columns_b,
          minmay_misc_feat_five
D:3:      layout_basic, grunt_temple_overflow_holy_war,
          chequers_serial_rivers_small_b, uniq_ijyb, uniq_jessica
D:4:      layout_basic

Skill      XL: |  1  2  3  4  5 |
---------------+----------------+-----
Earth Magic    | 4 |  4.7
Dodging        | 2 |  2.4
Fighting       | 1 |  1.3
Maces & Flails | 1 |  1.8
Stealth        | 3 |  3.4
Spellcasting   | 3 |  3.0
Conjurations   | |  0.1
Transmutations | |  0.7

Action                   |  1- 3 |  4- 6 || total
-------------------------+-------+-------++-------
Melee: Club              |   130 |    23 ||   153
Throw: Javelin           |     3 |       ||     3
 Cast: Sandblast         |    22 |     8 ||    30
       Stone Arrow       |       |     6 ||     6
  Use: Scroll            |     1 |     6 ||     7
       Potion            |       |     1 ||     1
 Stab: Sleeping          |     3 |       ||     3
Armor: Robe              |    65 |    29 ||    94
Dodge: Dodged            |   112 |    56 ||   168

Table legend: (Time is in decaauts)
 A = Elapsed time spent in this place.
 B = Non-inter-level travel time spent in this place.
 C = Inter-level travel time spent in this place.
 D = Time resting spent in this place.
 E = Time spent auto-exploring this place.
 F = Levels seen in this place.
 G = Mean time per level.
                   A        B        C        D        E       F      G
               +--------+--------+--------+--------+--------+-----+--------+
         Total |   3650 |   3650 |      0 |   1250 |   1849 |   4 |  912.5 |
       Dungeon |   3650 |   3650 |      0 |   1250 |   1849 |   4 |  912.5 |
               +--------+--------+--------+--------+--------+-----+--------+

Top non-repeatable levels by time:
     D:1: 2015 daAuts
     D:2: 805 daAuts
     D:4: 772 daAuts
     D:3: 57 daAuts
